 Dungeon Crawl Stone Soup version 0.31.0-10-gcf4a605ca0 (webtiles) character file.

Game seed: 4338590294574182361

25 Yorion the Sneak (level 2, 0/19 HPs)
             Began as a Vampire Enchanter on Jan 25, 2024.
             Slain by a ball python (2 damage)
             ... on level 2 of the Dungeon.
             The game lasted 00:01:09 (892 turns).

Yorion the Sneak (Vampire Enchanter)                 Turns: 892, Time: 00:01:10

Health: 0/19       AC:  2    Str:  7    XL:     2   Next: 86%
Magic:  1/5        EV: 12    Int: 17    God:
Gold:   61         SH:  0    Dex: 14    Spells: 3/5 levels left

rFire   . . .        a - +1 dagger
rCold   . . .        (no shield)
rNeg    . . .        b - +0 robe
rPois   .            (no helmet)
rElec   .            (no cloak)
rCorr   .            (no gloves)
SInv    +            (no boots)
Will    .....        (no amulet)
Stlth   +++          (no ring)
HPRegen 0.43/turn    (no ring)
MPRegen 0.09/turn

%: no passive effects
@: healing quickly, invisible
A: alive, fangs 3, see invisible, vampiric 1
a: Exsanguinate


You were on level 2 of the Dungeon.
You visited 1 branch of the dungeon, and saw 2 of its levels.

You collected 61 gold pieces.

Inventory:

Hand Weapons
 a - a +1 dagger (weapon)
Armour
 b - a +0 robe (worn)
Scrolls
 d - a scroll of amnesia {unknown}
 f - a scroll of identify {unknown}
Potions
 c - a potion of invisibility
 e - a potion of curing {unknown}


   Skills:
 + Level 2.3 Short Blades
 - Level 2.1 Dodging
 + Level 5.4 Stealth
 - Level 2.0 Spellcasting
 - Level 4.4 Hexes


You had 3 spell levels left.
You knew the following spells:

 Your Spells              Type           Power      Damage    Failure   Level
e - Ensorcelled Hibernat  Hex/Ice        18%        N/A       12%         2

Your spell library contained the following spells:

 Spells                   Type           Power      Damage    Failure   Level
 Confusing Touch          Hex            16%        N/A       10%         3
 Tukima's Dance           Hex            16%        N/A       10%         3
 Dazzling Flash           Conj/Hex       18%        N/A       24%         3
 Manifold Assault         Tloc           1%         N/A       88%         4
 Dispersal                Tloc           0%         N/A       100%        6
 Disjunction              Tloc           0%         N/A       100%        8


Dungeon Overview and Level Annotations

Branches:
Dungeon (2/15)

Altars:


Innate Abilities, Weirdness & Mutations

Your natural rate of healing is accelerated.
You have razor-sharp teeth.
You have supernaturally acute eyesight. (SInv)
You are afflicted with vampirism.


Message History

Done exploring.
There is a stone staircase leading down here.
There is a stone staircase leading down here.
You climb downwards.
The ball python hisses angrily.
Terence shouts!
Found 2 gold pieces and 2 dark potions.
Found a stone staircase leading down.
There is a stone staircase leading up here.
There are monsters nearby!
Terence hits you with a +0 mace!
The goblin shouts!
You are too injured to fight recklessly!
Unknown command.
Casting: Ensorcelled Hibernation (safe; 12% risk of failure)
Confirm with . or Enter, or press ? or * to list all spells.
Aiming: Ensorcelled Hibernation (safe; 12% risk of failure)
Press: ? - help, Shift-Dir - straight line, f - Terence
Aim: Terence, wielding a +0 mace and wearing a +1 scale mail of fire resistance (chance to affect: 51%) Terence resists with significant effort.
Terence asks, "Do you want it fast or slow?"
Terence hits you with a +0 mace.
Casting: Ensorcelled Hibernation (safe; 12% risk of failure)
Confirm with . or Enter, or press ? or * to list all spells.
Aiming: Ensorcelled Hibernation (safe; 12% risk of failure)
Press: ? - help, Shift-Dir - straight line, f/p - Terence
Aim: Terence, wielding a +0 mace and wearing a +1 scale mail of fire resistance (chance to affect: 51%) Terence looks drowsy...
The helpless Terence fails to defend himself.
You impale Terence!!
Terence is almost dead.
You fade into invisibility!
The ball python barely misses you. The goblin closely misses you.
Terence hits you with a +0 mace.
* * * LOW HITPOINT WARNING * * *
The ball python closely misses you.
Unknown command.
You catch the helpless Terence completely off-guard!
You puncture Terence!
You kill Terence!
The goblin barely misses you. The ball python bites you.
You die...

### .. #.# ..#
########.###
##..........##
#......<.....##
........@g....#
...$....S)..!...
..............##
.....>........#
...........!..#
#............##
##..........##
############


You could see a goblin (unable to see you) and a ball python (unable to see
you).

Vanquished Creatures
  Terence (D:2)
  A dart slug (D:1)
  5 ball pythons (D:1)
  2 endoplasms (D:1)
  A giant cockroach (D:1)
  A goblin (D:1)
  3 jackals (D:1)
  2 quokkas (D:1)
  2 kobolds (D:1)
  3 rats (D:1)
21 creatures vanquished.

Notes
Turn   | Place    | Note
-------+----------+-------------------------------------------
     0 | D:1      | Yorion the Vampire Enchanter began the quest for the Orb.
     0 | D:1      | Reached XP level 1. HP: 13/13 MP: 3/3
   143 | D:1      | Reached XP level 2. HP: 19/19 MP: 5/5
   146 | D:1      | Learned a level 2 spell: Ensorcelled Hibernation
   184 | D:1      | Reached skill level 5 in Stealth
   885 | D:2      | Noticed Terence
   892 | D:2      | Killed Terence
   892 | D:2      | Slain by a ball python

Illustrated notes

Levels and vault maps discovered:
D:1:      moated_graveyard_arrival, layout_basic
D:2:      layout_rooms, basic_altar, serial_bayou_pond_d,
          lightli_corner_chamber, uniq_terence

Skill      XL: |  1  2 |
---------------+-------+-----
Stealth        | 5 |  5.4
Short Blades   | 2 |  2.3
Dodging        | |  2.1
Spellcasting   | |  2.0
Hexes          | |  4.4

Action                     || total
---------------------------++-------
  Melee: Dagger            ||    50
         Bite              ||     7
   Cast: Ensorcelled Hiber ||     6
    Use: Potion            ||     1
   Stab: Sleeping          ||    13
         Invisible         ||     1
 Armour: Robe              ||    22
  Dodge: Dodged            ||    31
